 Dungeon Crawl Stone Soup version 0.27.1-34-g3ba077fa99 (webtiles) character file.

Game seed: 18001657499722220577

2167 madmanrnold the Spear-Bearer (level 9, -9/64 HPs)
             Began as a Formicid Fighter on Jan 27, 2022.
             Was a Follower of Jiyva.
             Mangled by a phantasmal warrior (32 damage)
             ... led by a death knight
             ... on level 6 of the Dungeon.
             The game lasted 00:12:14 (7818 turns).

madmanrnold the Spear-Bearer (Formicid Fighter)     Turns: 7818, Time: 00:12:15

Health: -9/64      AC:  9    Str: 29    XL:     9   Next: 57%
Magic:  9/9        EV:  8    Int:  9    God:    Jiyva [*.....]
Gold:   382        SH: 10    Dex: 10    Spells: 8/8 levels left

rFire    . . .     SeeInvis +   t - +1 halberd
rCold    . . .     Faith    .   c - +0 kite shield
rNeg     . . .     Spirit   .   b - +0 scale mail
rPois    .         Reflect  .   (helmet unavailable)
rElec    .         Harm     .   r - +0 cloak
rCorr    .         Rampage  .   h - +0 pair of gloves
Will     .....                  (no boots)
Stlth    ..........             (no amulet)
HPRegen  0.20/turn              q - +6 ring of strength
MPRegen  0.11/turn              (no ring)

@: weak-willed
A: permanent stasis, dig shafts and tunnels, antennae 3, four strong arms
a: Dig, Shaft Self, Renounce Religion, Request Jelly


You were on level 6 of the Dungeon.
You worshipped Jiyva.
Jiyva was aware of your devotion.
You visited 2 branches of the dungeon, and saw 8 of its levels.

You collected 382 gold pieces.

Inventory:

Hand Weapons
 a - a +1 trident
 t - a +1 halberd (weapon)
Missiles
 n - a throwing net
Armour
 b - a +0 scale mail (worn)
 c - a +0 kite shield (worn)
 h - a +0 pair of gloves (worn)
 r - a +0 cloak (worn)
Jewellery
 p - an amulet of magic regeneration
 q - a +6 ring of strength (left hand)
Wands
 k - a wand of charming (9)
 m - a wand of iceblast (10)
Potions
 d - a potion of degeneration {unknown}
 e - a potion of curing {unknown}
 f - a potion of flight {unknown}
 g - a potion of cancellation {unknown}
 i - a potion of lignification {unknown}
 j - 2 potions of attraction
 o - a potion of haste {unknown}
 s - 2 potions of ambrosia {unknown}
 u - a potion of resistance {unknown}


   Skills:
 - Level 3.2 Fighting
 + Level 12.0 Polearms
 - Level 3.2 Armour
 - Level 3.6 Shields


You had 8 spell levels left.
You didn't know any spells.
Your spell library contained the following spells:

 Spells                   Type           Power      Damage    Failure   Level
 Foxfire                  Conj/Fire      0%         2x1d4     95%         1
 Freeze                   Ice            0%         1d3       95%         1
 Corpse Rot               Necr/Air       N/A        N/A       99%         2
 Conjure Flame            Conj/Fire      0%         6-21      100%        3
 Frozen Ramparts          Ice            0%         1d2       100%        3
 Hailstorm                Conj/Ice       0%         3d3       100%        4
 Ice Form                 Ice/Tmut       0%         N/A       100%        4
 Blade Hands              Tmut           0%         N/A       100%        5
 Fireball                 Conj/Fire      0%         3d3       100%        5
 Iskenderun's Battlesphe  Conj           0%         2d6       100%        5
 Yara's Violent Unravell  Hex/Tmut       0%         3d3       100%        5
 Conjure Ball Lightning   Conj/Air       0%         3x3d6     100%        6
 Orb of Destruction       Conj           0%         N/A       100%        7


Dungeon Overview and Level Annotations

Branches:
Dungeon (7/15)             Temple (1/1) D:6

Altars:
Cheibriados
Dithmenos
Elyvilon
Fedhas
Makhleb
Qazlal
Trog
Uskayaw
Vehumet
Wu Jian
Xom
Zin
Jiyva


Innate Abilities, Weirdness & Mutations

You cannot be hasted, slowed, berserked, paralysed or teleported.
You can dig through walls and to a lower floor.
You have a pair of large antennae on your head. (SInv)
Your four strong arms can wield two-handed weapons with a shield.


Message History

The killer bee poisons you!
You feel very sick. You block the killer bee's attack.
You block the phantasmal warrior's attack.
There is a stone staircase leading up here.
You feel sick. You block the killer bee's attack. The killer bee stings you.
The killer bee stings you but does no damage.
The phantasmal warrior hits you.
Your willpower is stripped away!
You climb upwards.
You feel sick.
There is a stone staircase leading down here.
You slash the phantasmal warrior!
The phantasmal warrior is lightly damaged.
You feel sick.
The killer bee stings you but does no damage.
The killer bee stings you.
You block the phantasmal warrior's attack.
You hit the phantasmal warrior.
The phantasmal warrior is moderately damaged.
You feel sick. You block the killer bee's attack. x2
You block the phantasmal warrior's attack.
You hit the phantasmal warrior.
The phantasmal warrior is moderately damaged.
You feel sick.
The killer bee stings you but does no damage.
You block the killer bee's attack.
The phantasmal warrior closely misses you.
The killer bee stings you.
You barely miss the killer bee.
You feel sick.
The killer bee stings you but does no damage.
The phantasmal warrior barely misses you.
The killer bee barely misses you.
You closely miss the killer bee.
You feel sick.
You are no longer poisoned.
You block the killer bee's attack.
The phantasmal warrior hits you but does no damage.
The killer bee stings you but does no damage.
You miss the killer bee. The killer bee barely misses you.
The phantasmal warrior hits you!!
Ouch! That really hurt!
You die...

#.###.#.####### #.#
#.#.# #.# #.#.# #.#
#.#.# #.###.#.#
#.....#.# #..####.#
####..####.#
######@y........#
#....#W##.#####.#
#....#.##.# #<##
#....#.##.#####..######
#....#.##.......[......
#)...#.#########..#####
#....#....#######.#####
#....#.##.............#
#....#.................


You could see a phantasmal warrior and a killer bee.

Vanquished Creatures
  A wraith (D:7)
  A shadow (D:6)
  A water moccasin (D:7)
  2 ice beasts (D:7)
  An orc warrior (D:6)
  2 black bears (D:4)
  2 centaurs (D:7)
  A bullfrog (D:6)
  Blork the orc (D:5)
  2 scorpions
  A wyvern skeleton (D:7)
  A water moccasin skeleton (D:6)
  2 centaur zombies
  6 hounds
  A jelly (D:5)
  2 centaur skeletons
  3 orc priests
  Jessica (D:3)
  Ijyb (D:3)
  An iguana (D:5)
  4 orc wizards
  A howler monkey skeleton (D:3)
  Robin (D:4)
  3 gnolls (D:6)
  4 adders
  A worm (D:2)
  12 orcs
  4 bats
  7 endoplasms
  4 giant cockroaches
  25 goblins
  8 hobgoblins
  13 kobolds
  2 quokkas
  9 ball pythons
  2 frilled lizards (D:1)
  5 rats
138 creatures vanquished.

Vanquished Creatures (others)
  A jelly (D:7)
  A white imp (D:7)
  7 plants (D:4)
9 creatures vanquished.

Grand Total: 147 creatures vanquished

Notes
Turn   | Place    | Note
-------+----------+-------------------------------------------
     0 | D:1      | madmanrnold the Formicid Fighter began the quest for the
                  | Orb.
     0 | D:1      | Reached XP level 1. HP: 18/18 MP: 1/1
   272 | D:1      | Reached XP level 2. HP: 23/24 MP: 2/2
   619 | D:1      | Reached skill level 3 in Polearms
  1272 | D:2      | Reached XP level 3. HP: 29/29 MP: 3/3
  1668 | D:2      | Reached skill level 4 in Polearms
  1668 | D:2      | Reached XP level 4. HP: 29/35 MP: 4/4
  2434 | D:3      | Noticed Ijyb
  2449 | D:3      | Killed Ijyb
  2577 | D:3      | Reached XP level 5. HP: 36/41 MP: 5/5
  2676 | D:3      | Reached skill level 5 in Polearms
  2772 | D:3      | Noticed Jessica
  2784 | D:3      | Killed Jessica
  3146 | D:3      | Reached XP level 6. HP: 42/47 MP: 6/6
  3375 | D:4      | Reached skill level 6 in Polearms
  3513 | D:4      | Noticed a black bear
  3523 | D:4      | Killed a black bear
  3627 | D:4      | Noticed a black bear
  3645 | D:4      | Killed a black bear
  3646 | D:4      | Reached skill level 7 in Polearms
  3646 | D:4      | Reached XP level 7. HP: 39/52 MP: 7/7
  3850 | D:4      | Noticed Robin
  3906 | D:4      | You fall into a shaft and drop 2 floors!
  4266 | D:7      | Noticed an angel
  4266 | D:7      | Noticed a water moccasin
  4266 | D:7      | Found a shimmering altar of Xom.
  4266 | D:7      | Found a glowing silver altar of Zin.
  4311 | D:5      | Entered Level 5 of the Dungeon
  4732 | D:5      | Got Coxeghun's Papyrus of Transformation
  4767 | D:5      | Reached skill level 8 in Polearms
  5090 | D:4      | Found a burning altar of Makhleb.
  5090 | D:4      | Noticed a green death
  5093 | D:4      | Noticed a neqoxec
  5093 | D:4      | Noticed a hellwing
  5234 | D:4      | Killed Robin
  5611 | D:5      | Reached XP level 8. HP: 58/58 MP: 8/8
  5895 | D:5      | Noticed Blork the orc
  5905 | D:5      | Killed Blork the orc
  6171 | D:6      | Reached skill level 9 in Polearms
  6577 | D:6      | Noticed a shadow
  6591 | D:6      | Killed a shadow
  6592 | D:6      | Reached skill level 10 in Polearms
  6650 | D:6      | Found a staircase to the Ecumenical Temple.
  6662 | Temple   | Entered the Ecumenical Temple
  6677 | Temple   | Became a worshipper of Jiyva Jierph the Shapeless
  7120 | D:6      | Identified the +5 hand axe "Kawunih" {drain, rF+ rN+ rCorr
                  | Str+2}
  7209 | D:7      | Reached XP level 9. HP: 50/64 MP: 9/9
  7429 | D:7      | Reached skill level 11 in Polearms
  7627 | D:7      | Got the Handbook of Sinister Heat
  7763 | D:7      | Reached * piety under Jiyva
  7794 | D:7      | Reached skill level 12 in Polearms
  7798 | D:7      | Noticed a death knight
  7798 | D:7      | Noticed a skeletal warrior
  7798 | D:7      | Noticed a phantasmal warrior
  7818 | D:6      | Mangled by a phantasmal warrior

Illustrated notes

Levels and vault maps discovered:
D:1:      matt_arrival_spirals, layout_basic
D:2:      minmay_evil_eye, layout_basic, minmay_cupped
D:3:      layout_loops_ring, minmay_misc_feat_nine_boxes,
          hangedman_decor_opposing, uniq_jessica, uniq_ijyb
D:4:      cheibrodos_old_hovel, layout_rooms, makhleb_altar_promises_db,
          serial_glass, glass_columns_b, glass_columns_c, glass_columns_b,
          glass_columns_a, glass_columns_c, glass_columns_b, glass_columns_c,
          glass_columns_a, uniq_robin
D:5:      layout_basic, grunt_decor_one_mirror, minmay_ogre_servants,
          uniq_blork_the_orc
D:6:      layout_basic, minmay_temple_entry_ruins
D:7:      layout_rooms, grunt_temple_overflow_order_and_chaos_1
Temple:   pf_slime_end_temple

Skill      XL: |  1  2  3  4  5  6  7  8  9 |
---------------+----------------------------+-----
Polearms       | 3 4 5 7 8 10 12 | 12.0
Fighting       | |  3.2
Armour         | |  3.2
Shields        | |  3.6

Action                   |  1- 3 |  4- 6 |  7- 9 || total
-------------------------+-------+-------+-------++-------
Melee: Trident           |   101 |   180 |   104 ||   385
       Halberd           |       |       |   138 ||   138
 Abil: Dig               |       |       |     2 ||     2
       Shaft Self        |       |       |     1 ||     1
  Use: Scroll            |     2 |     2 |     5 ||     9
       Potion            |       |       |     3 ||     3
Armor: Scale mail        |    24 |    63 |    92 ||   179
Dodge: Dodged            |    19 |    49 |    74 ||   142
Block: Kite shield       |    50 |    73 |   138 ||   261
